 Dungeon Crawl Stone Soup version 0.29.1-1-gd02db6906a (webtiles) character file.

Game seed: 16436488507455004937

10451 croobank the Summoner (level 11, 0/76 HPs)
             Began as an Octopode Summoner on Oct 9, 2022.
             Slain by Urug
             ... wielding a +2 demon trident
              (12 damage)
             ... while petrified by a basilisk
             ... on level 1 of the Lair of Beasts on Oct 10, 2022.
             The game lasted 01:00:34 (12715 turns).

croobank the Summoner (Octopode Summoner)          Turns: 12715, Time: 01:00:35

Health: 0/76       AC:  4    Str: 10    XL:     11   Next: 62%
Magic:  14/22      EV:  2    Int: 24    God:
Gold:   623        SH:  0    Dex: 13    Spells: 9/24 levels left

rFire   + . .      SeeInvis .   a - +6 whip "Wuli Ydu" {freeze, *Slow rElec Str+3 Int+2}
rCold   . . .      Faith    .   c - +2 buckler {AC+3}
rNeg    + + +      Spirit   .   (helmet restricted)
rPois   ∞          Reflect  .   r - amulet of regeneration
rElec   +          Harm     .   t - ring of protection from fire
rCorr   .          Rampage  .   B - ring of wizardry
Will    .....                   (no ring)
Stlth   ++++......              (no ring)
HPRegen 1.02/turn               (no ring)
MPRegen 0.18/turn               (no ring)
                                (no ring)
                                (no ring)

@: petrified
A: almost no armour, amphibious, 8 rings, camouflage 1, gelatinous body 1,
(nimble swimmer 1), tentacles, MP-powered wands
a: no special abilities


You were on level 1 of the Lair of Beasts.
You visited 2 branches of the dungeon, and saw 11 of its levels.

You collected 623 gold pieces.

Inventory:

Hand Weapons
 a - the +6 whip "Wuli Ydu" (weapon) {freeze, *Slow rElec Str+3 Int+2}
   (You found it on level 7 of the Dungeon)

   It freezes those it strikes, dealing additional cold damage.
   It can also slow down cold-blooded creatures.
   Str:       It affects your strength (+3).
   Int:       It affects your intelligence (+2).
   rElec:     It insulates you from electricity.
   *Slow:     It may slow you when you take damage.
 f - a +0 whip of venom
 q - a +5 dagger
 u - a +0 war axe
 y - a +4 dagger of draining
 z - a +0 short sword of speed
 C - a +5 vorpal flail
 D - a +2 great sword
 E - a +4 long sword
 J - a +0 sling of flaming
 K - a +0 short sword of venom
 M - a +0 morningstar
 N - a +1 hand axe of draining
 P - the +5 dagger "Fajiboir" {vorpal, rC+ Str-2 Int+3}
   (You found it on level 9 of the Dungeon)

   It inflicts extra damage upon your enemies.
   Str:       It affects your strength (-2).
   Int:       It affects your intelligence (+3).
   rC:        It protects you from cold.
Missiles
 e - a throwing net (quivered)
 I - 4 curare-tipped darts
Armour
 c - a +2 buckler of protection (worn)
Jewellery
 r - an amulet of regeneration (around mantle)
 s - an amulet of reflection
 t - a ring of protection from fire (left tentacle)
 B - a ring of wizardry (right tentacle)
Wands
 b - a wand of flame (7)
 w - a wand of iceblast (8)
 G - a wand of digging (7)
Scrolls
 i - 2 scrolls of poison
 m - 4 scrolls of teleportation
 n - 4 scrolls of noise
 x - 3 scrolls of butterflies
 A - 5 scrolls of amnesia
 O - 3 scrolls of enchant armour
Potions
 d - 2 potions of haste
 h - 8 potions of curing
 j - a potion of degeneration
 k - a potion of ambrosia
 l - 2 potions of attraction
 o - 2 potions of berserk rage
 p - 5 potions of brilliance
 v - 2 potions of heal wounds
 H - a potion of lignification


   Skills:
 + Level 7.7 Fighting
 + Level 8.1 Dodging
 - Level 5.7 Stealth
 + Level 7.3 Spellcasting
 - Level 5.0 Hexes
 + Level 8.8 Summonings
 + Level 6.7 Air Magic


You had 9 spell levels left.
You knew the following spells:

 Your Spells              Type           Power      Damage    Failure   Level
a - Summon Small Mammal   Summ           100%       N/A       1%          1
b - Call Imp              Summ           50%        N/A       1%          2
c - Call Canine Familiar  Summ           50%        N/A       1%          3
d - Summon Guardian Gole  Hex/Summ       42%        N/A       1%          3
e - Summon Lightning Spi  Summ/Air       46%        N/A       1%          4
f - Blink                 Tloc           16%        N/A       6%          2

Your spell library contained the following spells:

 Spells                   Type           Power      Damage    Failure   Level
 Shock                    Conj/Air       96%        1d9       1%          1
 Ensorcelled Hibernation  Hex/Ice        40%        N/A       1%          2
 Swiftness                Air            41%        N/A       1%          3
 Airstrike                Air            20%        2d(3-19)  2%          4
 Apportation              Tloc           16%        N/A       4%          1
 Necrotise                Necr           32%        1d5       4%          1
 Lesser Beckoning         Tloc           8%         N/A       12%         3
 Spider Form              Tmut/Pois      8%         N/A       12%         3
 Anguish                  Hex/Necr       10%        N/A       13%         4
 Manifold Assault         Tloc           8%         N/A       67%         5


Dungeon Overview and Level Annotations

Branches:
Dungeon (10/15)            Temple (0/1) D:5            Lair (1/5) D:10
    Orc (0/2) D:9

Altars:
Fedhas
Kikubaaqudgha
Makhleb
Qazlal
Ru
Trog
Vehumet
Wu Jian
Xom
The Shining One

Shops:
D:1 [   D:6 (

Annotations:
D:7 3 runed translucent doors, xian's ghost, novice DsAK
D:9 1 runed translucent door
Lair:1 Urug


Innate Abilities, Weirdness & Mutations

You cannot wear most types of armour.
You are amphibious.
You can wear up to eight rings at the same time.
Your skin changes colour to match your surroundings (Stealth+).
Your rubbery body absorbs attacks. (AC +1, EV +1)
((You are camouflaged when in or above water. (Stealth+)))
You have tentacles for arms and can constrict up to eight enemies at once.
You expend magic power (3 MP) to strengthen your wands.


Message History

Confirm with . or Enter, or press ? or * to list all spells.
An electric hum fills the air.
You block the blink frog's attack.
The blink frog blinks!
The basilisk gazes at you.
You are slowing down.
Casting: Summon Lightning Spire (dangerous; 1% risk of failure)
Confirm with . or Enter, or press ? or * to list all spells.
A guardian golem appears, shielding your allies.
The blink frog blinks!
The blink frog hits you!
Your limbs are stiffening.
Casting: Summon Guardian Golem (safe; 1% risk of failure)
Confirm with . or Enter, or press ? or * to list all spells.
The blink frog hits you.
The blink frog blinks!
The blink frog hits you.
The blink frog blinks!
You have turned to stone.
The blink frog blinks!
The basilisk gazes at you. You resist with some effort.
The blink frog hits you!
The blink frog blinks!
Urug throws a silver javelin.
The silver javelin pierces through you! The silver sears you!
The silver javelin pierces through your wolf.
Your wolf closely misses the blink frog.
The blink frog hits you.
Your wolf barely misses the blink frog.
The basilisk bites your wolf!
The blink frog blinks!
Your wolf barely misses the basilisk.
The blink frog blinks!
Urug throws a silver javelin.
The silver javelin pierces through you! The silver sears you!
The silver javelin pierces through your wolf.
Your wolf bites the basilisk!
Your wolf closely misses the basilisk.
The basilisk bites you!
Urug hits you from afar with a +2 demon trident!!
Your wolf closely misses the basilisk.
The blink frog blinks!
Your lightning spire shoots out a bolt of lightning at the blink frog!
The bolt of electricity hits the blink frog!
Urug hits you from afar with a +2 demon trident!!
The basilisk bites you!
* * * LOW HITPOINT WARNING * * *
The blink frog hits your lightning spire!
The blink frog blinks! x2; The basilisk bites you!
* * * LOW HITPOINT WARNING * * *
Urug hits you from afar with a +2 demon trident!!
You die...

.........o.
.......... .##
......#..
...####........
# ##...F<....#..
..#.............
#........o......
#.P.............
.#...F@...:....
......§l8.......
#.#......§.$....
#....h!9......
#.....§.......
#...F.........
..............
....####..###.


You could see Urug, a basilisk, 3 blink frogs, a friendly guardian golem
(summoned), a friendly wolf (summoned, sheltered) and a friendly lightning spire
(summoned, sheltered).

Vanquished Creatures
  Joseph (D:7)
  A vampire (D:9)
  A water moccasin (D:9)
  An orc warrior (D:9)
  3 centaurs
  A bullfrog (D:7)
  2 killer bees
  A hound (D:5)
  An orc priest (D:9)
  A gnoll bouda (D:6)
  Natasha (twice) (D:3)
  A gnoll (D:4)
  3 adders
  An ufetubus (D:6)
  A worm (D:3)
  5 orcs
  5 ball pythons
  A bat (D:3)
  An endoplasm (D:1)
  A giant cockroach (D:1)
  2 hobgoblins
  A jackal (D:1)
  A quokka (D:1)
  2 frilled lizards
  3 goblins
  5 kobolds
  A rat (D:1)
49 creatures vanquished.

Vanquished Creatures (collateral kills)
  Harold (D:9)
  A two-headed ogre (D:10)
  A fire crab (shapeshifter) (D:10)
  Sigmund (D:6)
  2 wyverns
  2 vampires (D:10)
  2 shadows (D:10)
  6 yaks
  2 acid dragons
  An orc warrior (D:10)
  A sky beast (D:6)
  A centaur (D:10)
  A phantom (D:6)
  2 kobold brigands
  A gnoll sergeant (D:6)
  A scorpion (D:6)
  3 wights (D:10)
  2 killer bees (D:9)
  A howler monkey (D:8)
  3 hounds (D:6)
  3 orc priests
  2 jellies
  6 orc wizards
  Natasha (D:3)
  3 iguanas
  6 gnolls
  2 adders
  An ufetubus (D:5)
  A worm (D:4)
  2 dart slugs (D:2)
  19 orcs
  2 bats
  5 endoplasms
  7 goblins
  6 hobgoblins
  3 jackals (D:1)
  21 kobolds
  A quokka (D:5)
  2 ball pythons
  2 frilled lizards
  6 rats
  A bush (D:2)
137 creatures vanquished.

Vanquished Creatures (others)
  A two-headed ogre (D:9)
  Pikel (D:7)
  A manticore (D:8)
  A vampire (D:10)
  4 yaks
  3 wargs (D:9)
  An acid dragon (D:10)
  An ice beast (D:8)
  A black bear (D:4)
  An ogre (D:4)
  2 centaurs
  4 kobold brigands
  4 lemures (D:7)
  A gnoll sergeant (D:10)
  A scorpion (D:4)
  5 wights (D:7)
  3 killer bees (D:9)
  2 gnoll boudas
  6 gnolls
  2 orcs (D:9)
  7 kobolds
  3 fungi (D:3)
  16 plants
71 creatures vanquished.

Grand Total: 257 creatures vanquished

Notes
Turn   | Place    | Note
-------+----------+-------------------------------------------
     0 | D:1      | croobank the Octopode Summoner began the quest for the Orb.
     0 | D:1      | Reached XP level 1. HP: 11/11 MP: 3/3
   321 | D:1      | Reached XP level 2. HP: 17/17 MP: 1/5
   324 | D:1      | Learned a level 2 spell: Call Imp
   383 | D:1      | Found Roulor's Antique Armour Shop.
  1157 | D:1      | Reached XP level 3. HP: 22/22 MP: 2/6
  1161 | D:1      | Learned a level 3 spell: Call Canine Familiar
  1301 | D:1      | Reached skill level 1 in Fighting
  1676 | D:2      | Found a radiant altar of Vehumet.
  2214 | D:2      | Reached XP level 4. HP: 28/28 MP: 2/7
  3189 | D:3      | Noticed Natasha
  3198 | D:3      | Killed Natasha
  3199 | D:3      | Reached XP level 5. HP: 21/34 MP: 7/9
  3203 | D:3      | Learned a level 3 spell: Summon Guardian Golem
  3399 | D:3      | Noticed Natasha
  3407 | D:3      | Killed Natasha
  3412 | D:3      | Noticed a kobold brigand
  3425 | D:3      | Killed a kobold brigand
  3816 | D:3      | Noticed Natasha
  3824 | D:3      | Killed Natasha
  3825 | D:3      | Reached skill level 1 in Hexes
  3825 | D:3      | Reached XP level 6. HP: 34/39 MP: 10/10
  3866 | D:3      | Found a faded altar of an unknown god.
  4347 | D:4      | Noticed a black bear
  4362 | D:4      | Killed a black bear
  4363 | D:4      | Reached skill level 5 in Stealth
  4363 | D:4      | Reached skill level 5 in Summonings
  4363 | D:4      | Reached XP level 7. HP: 34/45 MP: 2/12
  5146 | D:5      | Entered Level 5 of the Dungeon
  5421 | D:5      | HP: 2/46 [orc priest/divine providence (15)]
  6197 | D:5      | Reached XP level 8. HP: 52/52 MP: 8/13
  6339 | D:5      | Learned a level 4 spell: Summon Lightning Spire
  6341 | D:5      | Found a staircase to the Ecumenical Temple.
  6603 | D:6      | Reached skill level 1 in Air Magic
  6858 | D:6      | Found Zutzyu's Antique Weapon Boutique.
  7571 | D:6      | Noticed Sigmund
  7889 | D:7      | Reached XP level 9. HP: 59/59 MP: 9/15
  7916 | D:7      | Reached skill level 5 in Dodging
  7994 | D:7      | Noticed xian's ghost (novice DsAK)
  8047 | D:7      | Noticed Pikel
  8060 | D:7      | Killed Pikel
  8118 | D:7      | Found a runed translucent gate.
  8118 | D:7      | Found a runed translucent gate.
  8118 | D:7      | Found a runed translucent gate.
  8152 | D:7      | Noticed Joseph
  8162 | D:7      | Killed Joseph
  8163 | D:7      | Reached skill level 5 in Fighting
  8163 | D:7      | Reached skill level 5 in Spellcasting
  8183 | D:7      | Found a bloodstained altar of Trog.
  8262 | D:7      | Found a sacrificial altar of Ru.
  8264 | D:7      | Found a blossoming altar of Fedhas.
  8265 | D:7      | Found a shimmering altar of Xom.
  8266 | D:7      | Found a stormy altar of Qazlal.
  8267 | D:7      | Found an ancient bone altar of Kikubaaqudgha.
  8394 | D:7      | Found a burning altar of Makhleb.
  8399 | D:7      | Identified the +6 whip "Wuli Ydu" {freeze, *Slow rElec
                  | Str+3 Int+2}
  8543 | D:7      | Identified a scroll of acquirement
  8543 | D:7      | Acquired a +2 buckler of protection
  8995 | D:8      | Reached skill level 5 in Hexes
  9131 | D:8      | Noticed a manticore
  9155 | D:8      | Killed a manticore
  9156 | D:8      | Reached XP level 10. HP: 27/66 MP: 3/18
  9723 | D:8      | Found an ornate altar of the Wu Jian Council.
  9723 | D:8      | Found a glowing golden altar of the Shining One.
  9819 | D:9      | Noticed a two-headed ogre
  9831 | D:9      | Killed a two-headed ogre
  9923 | D:9      | Found a staircase to the Orcish Mines.
 10159 | D:9      | Identified the +5 dagger "Fajiboir" {vorpal, rC+ Str-2
                  | Int+3}
 10209 | D:9      | Reached skill level 5 in Air Magic
 10227 | D:9      | Noticed Harold
 10277 | D:9      | Gained mutation: You expend magic power (3 MP) to
                  | strengthen your wands. [potion of mutation]
 10285 | D:9      | Found a runed translucent door.
 10285 | D:9      | Noticed a two-headed ogre
 10323 | D:9      | Killed Harold
 10324 | D:9      | Reached XP level 11. HP: 62/74 MP: 13/20
 10520 | D:9      | Noticed a manticore
 11163 | D:10     | Entered Level 10 of the Dungeon
 11320 | D:6      | Killed Sigmund
 11782 | D:10     | Found a staircase to the Lair.
 12389 | D:10     | Noticed a fire crab
 12393 | D:10     | Killed a fire crab
 12395 | D:10     | Noticed a two-headed ogre
 12402 | D:10     | Noticed a rakshasa
 12530 | D:10     | Learned a level 2 spell: Blink
 12536 | D:10     | Killed a two-headed ogre
 12701 | Lair:1   | Entered Level 1 of the Lair of Beasts
 12701 | Lair:1   | Noticed Urug
 12715 | Lair:1   | Slain by Urug

Illustrated notes

Levels and vault maps discovered:
D:1:      dpeg_arrival_castle, layout_loops_corners, serial_shops, shop
D:2:      layout_rooms, basic_altar, lexackson_kobold_supper
D:3:      layout_loops_ring, shapermc_ecumenical_altar_hornbeckon,
          hangedman_abyss_or_decor_lesser_grid, uniq_natasha
D:4:      layout_basic, minmay_cupped
D:5:      layout_basic, minmay_temple_entry_hall
D:6:      kennysheep_six_static_rooms, layout_gridville, serial_shops, shop,
          dreamdust_princess_bridge, uniq_sigmund
D:7:      layout_loops_ring, bloody_makhleb, grunt_temple_overflow_open,
          gammafunk_ghost_icy, uniq_pikel, uniq_joseph
D:8:      layout_loops_ring, amethyst_overflow_temple_binary
D:9:      layout_basic, david_orc_1_choice, minmay_st_funbox, uniq_harold
D:10:     minmay_the_grid_plus [minmay_the_grid_empty,
          minmay_the_grid_spin_star, minmay_the_grid_rooms,
          minmay_the_grid_plusring, minmay_the_grid_prize_trominoes],
          layout_stronghold
Lair:1:   layout_gridlike, uniq_urug, uniq_sonja

Skill      XL: |  1  2  3  4  5  6  7  8  9 10 11 |
---------------+----------------------------------+-----
Stealth        | 3 4 5 |  5.7
Fighting       | 1 2 3 4 5 6 7 |  7.7
Dodging        | 3 4 6 7 8 |  8.1
Hexes          | 1 2 4 5 |  5.0
Spellcasting   | 3 4 5 6 7 |  7.3
Summonings     | 5 6 8 |  8.8
Air Magic      | 2 4 5 6 |  6.7

Action                   |  1- 3 |  4- 6 |  7- 9 | 10-12 || total
-------------------------+-------+-------+-------+-------++-------
Melee: Mace              |     4 |       |       |       ||     4
       Whip              |    15 |    43 |     7 |    47 ||   112
       Constrict         |     4 |    10 |     7 |     6 ||    27
       Tentacles         |     1 |    17 |    15 |    13 ||    46
       Dagger            |       |    37 |    54 |       ||    91
       Punch             |       |     4 |     1 |     1 ||     6
Throw: Throwing net      |       |       |       |     2 ||     2
 Cast: Summon Small Mamm |    44 |    13 |    39 |    14 ||   110
       Call Imp          |     9 |     3 |     9 |     3 ||    24
       Call Canine Famil |     4 |    10 |    34 |    21 ||    69
       Summon Guardian G |       |     8 |    19 |    28 ||    55
       Summon Lightning  |       |       |       |    27 ||    27
  Use: Potion            |       |     1 |       |     6 ||     7
       Scroll            |       |     6 |     9 |    12 ||    27
 Stab: Sleeping          |     2 |     7 |     3 |       ||    12
       Distracted        |       |     1 |     1 |     1 ||     3
Armor: Skin              |     2 |     2 |     5 |     6 ||    15
Dodge: Dodged            |    12 |    14 |    55 |    45 ||   126
Block: Other             |       |     7 |    16 |       ||    23
       Buckler           |       |       |     7 |    25 ||    32
